AoeStats
← Horizon

Black Forest

509195078Analyzed
4v4 RM · 5d ago on Sep 25, 2026· 28m 7s· 8 players
Game mode
Random Map
Map size
Large (8 player)
Population
200
Speed
Normal
Resources
Standard
Victory
Conquest
Starting age
Dark Age
Ending age
Imperial Age
RankedLock teamsTeams togetherTeam positionsShared explorationLock speedFull tech treeHidden civsTurbo modeCheats
Victory
Defeat
🇵🇰 Dravidians · Pakistan
1527
+11
🇩🇪 Wu · Germany
1345
+18
🇮🇳 Inca · India
1342
+18
🇩🇪 Wei · Germany
1340
+18
🇹🇷 Bulgarians · Türkiye
1442
-18
🇮🇳 Varangians · India
1390
-16
🇺🇸 Bohemians · United States
1379
-16
🇨🇱 Saracens · Chile
1369
-15
treehugger
12:17 Feudal Age
12:53 Double-Bit Axe
12:48 Horse Collar
15:46 Castle Age
16:38 Bow Saw
16:35 Heavy Plow
17:40 Wheelbarrow
17:33 Fervor
20:05 Loom
23:00 Hand Cart
24:43 Fortified Wall
29:34 Imperial Age
28:12 Chemistry
27:54 Redemption
27:46 Scale Mail Armor
FreakinGorkha
7:32 Loom
9:30 Feudal Age
9:54 Man-at-Arms
13:08 Double-Bit Axe
14:20 Horse Collar
20:58 Castle Age
22:17 Bow Saw
22:45 Wheelbarrow
22:32 Forging
26:55 Heavy Plow
monster
0:47 Loom
12:28 Feudal Age
16:28 Castle Age
15:02 Stone Mining
15:38 Double-Bit Axe
16:32 Horse Collar
16:46 Gold Mining
21:47 Scale Barding Armor
スターダスト
11:40 Feudal Age
16:27 Castle Age
14:50 Double-Bit Axe
17:21 Wheelbarrow
17:23 Bow Saw
17:57 Horse Collar
22:52 Scale Barding Armor
26:36 Town Watch
26:38 Loom
Gr33n M4yh3m
0:30 Loom
12:12 Feudal Age
24:31 Castle Age
26:51 Wheelbarrow
27:36 Scale Mail Armor
27:46 Forging
27:43 Double-Bit Axe
27:39 Horse Collar
Haider_435
0:37 Loom
11:16 Feudal Age
15:23 Castle Age
14:08 Double-Bit Axe
15:34 Horse Collar
18:17 Fletching
19:47 Bodkin Arrow
22:46 Red Cliffs Tactics
23:57 Ballistics
24:40 Bow Saw
25:30 Padded Archer Armor
Horizon
10:53 Feudal Age
14:33 Castle Age
12:36 Double-Bit Axe
14:26 Horse Collar
15:45 Bow Saw
15:57 Loom
25:39 Gold Mining
26:50 Wheelbarrow
26:17 Town Watch
27:10 Heavy Plow
27:25 Stone Mining
27:58 Hand Cart
Musti-1997
1:10 Loom
11:47 Feudal Age
12:18 Double-Bit Axe
12:15 Horse Collar
12:30 Gold Mining
12:31 Stone Mining
13:56 Wheelbarrow
16:20 Wheelbarrow
16:31 Wheelbarrow
19:48 Castle Age
18:08 Bloodlines
18:42 Scale Barding Armor
19:07 Forging
20:55 Chain Barding Armor
26:45 Iron Casting
27:26 Heavy Plow
28:16 Hand Cart
Connection lost

Rejoining the realm…

Still unreachable

The connection could not be restored.

Session expired

The server has moved on; the page needs a fresh start.